 Dungeon Crawl Stone Soup version 0.24.0-1-gfbc8707 (webtiles) character file.

Game seed: 8923151540166826172, levelgen mode: deterministic

301 MacrostheBlack the Digger (level 6, -1/41 HPs)
             Began as a Vampire Earth Elementalist on Nov 10, 2019.
             Slain by an ice beast (14 damage)
             ... on level 3 of the Dungeon.
             The game lasted 00:10:42 (1769 turns).

MacrostheBlack the Digger (VpEE)                    Turns: 1769, Time: 00:10:43

Health: -1/41      AC:  3    Str:  7    XL:     6   Next: 14%
Magic:  11/11      EV: 13    Int: 18    God:
Gold:   114        SH:  0    Dex: 16    Spells: 8/12 levels left

rFire    . . .     SeeInvis +   d - +0 dagger
rCold    . . .     Gourm    .   (no shield)
rNeg     . . .     Faith    .   c - +1 robe
rPois    .         Spirit   .   (no helmet)
rElec    .         Reflect  .   (no cloak)
rCorr    .         Harm     .   (no gloves)
MR       .....                  (no boots)
Stlth    ++........             l - amulet of magic regeneration
HPRegen  0.33/turn              (no ring)
MPRegen  0.37/turn              (no ring)

@: regenerating quickly
A: no food, fangs 3, see invisible, unbreathing
a: Exsanguinate


You were on level 3 of the Dungeon.
You were alive.

You visited 1 branch of the dungeon, and saw 3 of its levels.

You collected 114 gold pieces.

Inventory:

Hand Weapons
 d - a +0 dagger (weapon)
 k - a +0 club
Missiles
 b - 48 stones
 f - 5 poisoned darts (quivered)
Armour
 c - a +1 robe (worn)
Jewellery
 j - an uncursed amulet of faith
 l - an amulet of magic regeneration (around neck)
Scrolls
 g - a scroll of remove curse
 h - a scroll of fear {unknown}
 n - a scroll of teleportation
Potions
 a - a potion of haste
 e - a potion of might
 i - a potion of lignification
 m - a potion of heal wounds


   Skills:
 - Level 2.1 Dodging
 - Level 3.0 Stealth
 + Level 3.7 Spellcasting
 * Level 3.1 Conjurations
   Level 1.1 Transmutations
 - Level 4.0 Earth Magic


You had 8 spell levels left.
You knew the following spells:

 Your Spells              Type           Power        Failure   Level  Hunger
a - Sandblast             Erth           ###...       3%          1    N/A
b - Stone Arrow           Conj/Erth      ###...       11%         3    N/A

Your spell library contained the following spells:

 Spells                   Type           Power        Failure   Level  Hunger
 Passwall                 Tmut/Erth      ##......     8%          2    N/A
 Petrify                  Tmut/Erth      ##......     45%         4    N/A
 Lee's Rapid Deconstruct  Erth           ###.......   63%         5    N/A

Dungeon Overview and Level Annotations

Branches:
Dungeon (3/15)

Altars:
Dithmenos
Elyvilon


Innate Abilities, Weirdness & Mutations

You do not eat.
Your natural rate of healing is unusually fast.
You have razor-sharp teeth.
You have supernaturally acute eyesight. (SInv)
You can survive without breathing.


Message History

Casting: Sandblast (safe; 3% risk of failure)
Confirm with . or Enter, or press ? or * to list all spells.
Aiming: Sandblast (safe; 3% risk of failure)
Press: ? - help, Shift-Dir - straight line, f/p - ice beast
Aim: an ice beast (lightly wounded)
The blast of sand hits the ice beast but does no damage.
The ice beast is lightly wounded.
b - 49 stones The ice beast barely misses you.
Casting: Sandblast (safe; 3% risk of failure)
Confirm with . or Enter, or press ? or * to list all spells.
Aiming: Sandblast (safe; 3% risk of failure)
Press: ? - help, Shift-Dir - straight line, f/p - ice beast
Aim: an ice beast (lightly wounded)
The blast of sand hits the ice beast.
The ice beast is lightly wounded.
b - 48 stones The ice beast hits you.
The ice beast freezes you! The ice beast hits you. The ice beast freezes you!
You die...

## ###############
.###.........><..#
.##...###.######.#
.........#.# #.#
###...###.## #@#
##.## ## #Y# ...#
#####.# .####
#.....# # #.###.#
###.###.#######
#..............
#.#.##..######.
...#.....#


You could see an ice beast.

Vanquished Creatures
  Grinder (D:3)
  An orc priest (D:3)
  An adder (D:2)
  An ooze (D:3)
  A dart slug (D:1)
  4 orcs (D:3)
  7 bats
  2 giant cockroaches
  6 goblins
  6 hobgoblins
  3 quokkas
  2 frilled lizards
  8 kobolds
  8 rats
51 creatures vanquished.

Notes
Turn   | Place    | Note
-------+----------+-------------------------------------------
     0 | D:1      | MacrostheBlack the Vampire Earth Elementalist began the
                  | quest for the Orb.
     0 | D:1      | Reached XP level 1. HP: 13/13 MP: 3/3
   124 | D:1      | Reached XP level 2. HP: 19/19 MP: 1/5
   894 | D:2      | Reached XP level 3. HP: 24/24 MP: 6/6
   992 | D:2      | Reached skill level 4 in Earth Magic
  1043 | D:2      | Learned a level 3 spell: Stone Arrow
  1401 | D:3      | Found a white marble altar of Elyvilon.
  1401 | D:3      | Found a shadowy altar of Dithmenos.
  1506 | D:3      | Noticed Grinder
  1512 | D:3      | Paralysed by Grinder for 2 turns
  1519 | D:3      | Killed Grinder
  1519 | D:3      | Reached XP level 4. HP: 6/30 MP: 1/9
  1519 | D:3      | Reached XP level 5. HP: 7/35 MP: 1/10
  1642 | D:3      | Reached XP level 6. HP: 28/41 MP: 8/11
  1752 | D:3      | Noticed an ice beast
  1769 | D:3      | Slain by an ice beast

Levels and vault maps discovered:
D:1:      dpeg_arrival_subterranean_lakeside_camping, layout_basic
D:2:      layout_rooms
D:3:      layout_loops_ring, gammafunk_temple_overflow_wave, first_ration,
          nicolae_qazlal_eye_of_the_storm, uniq_grinder

Skill      XL: |  1  2  3  4  5 |
---------------+----------------+-----
Earth Magic    | 4 |  4.0
Spellcasting   | 3 |  3.7
Conjurations   | 2 3 |  3.1
Dodging        | |  2.1
Stealth        | |  3.0
Transmutations | |  1.1

Action                   |  1- 3 |  4- 6 || total
-------------------------+-------+-------++-------
Melee: Dagger            |    46 |     2 ||    48
       Bite              |     5 |       ||     5
Throw: Dart              |     7 |     8 ||    15
       Stone             |     1 |     2 ||     3
 Cast: Sandblast         |    49 |    14 ||    63
  Use: Scroll            |     9 |       ||     9
 Stab: Sleeping          |     9 |     1 ||    10
       Distracted        |     1 |       ||     1
Armor: Robe              |    15 |       ||    15
Dodge: Dodged            |    33 |     3 ||    36
